 Dungeon Crawl Stone Soup version 0.30-b1-2-g02819fbbbe (webtiles) character file.

Game seed: 17316592884598211105

82010 cerebuk897 the Bludgeoner (level 15, -2/132 HPs)
             Began as a Minotaur Berserker on Aug 14, 2023.
             Was a High Priest of Trog.
             Succumbed to a putrid mouth's dark miasma
             ... on level 1 of the Depths on Sept 27, 2023.
             The game lasted 02:55:29 (19273 turns).

cerebuk897 the Bludgeoner (Minotaur Berserker)     Turns: 19273, Time: 02:55:29

Health: -2/132     AC: 25    Str: 29    XL:     15   Next: 28%
Magic:  14/14      EV: 14    Int:  4    God:    Trog [*****.]
Gold:   1044       SH:  5    Dex: 10    Spells: 14/14 levels left

rFire   . . .        u - +2 dire flail (heavy)
rCold   . . .        (shield currently unavailable)
rNeg    . . .        d - +1 plate armour
rPois   .            n - +1 hat
rElec   .            t - +1 cloak
rCorr   .            (no gloves)
SInv    .            H - +0 pair of boots
Will    +....        B - amulet of reflection Stlth
                     v - +5 ring of evasion
HPRegen 0.42/turn    y - +4 ring of protection
MPRegen 0.14/turn

%: reflection
@: lethally poisoned (-2 -> -17), doom-hounded, studying Dodging
A: horns 2, retaliatory headbutt, frail 1
a: Renounce Religion, Berserk, Trog's Hand, Brothers in Arms


You were on level 1 of the Depths.
You worshipped Trog.
Trog was extremely pleased with you.
You visited 5 branches of the dungeon, and saw 19 of its levels.
You also visited: Bailey.

You collected 1664 gold pieces.
You spent 620 gold pieces at shops.

Inventory:

Hand Weapons
 k - the +5 rapier "Feddeuff" {antimagic, Stlth+}
   (You found it on level 3 of the Dungeon)

   Stlth:     It makes you more stealthy.
 p - the +3 mace of Cikhlyxt {drain, *Rage rElec rF+ rN+++ Dex-4}
   (You found it on level 4 of the Dungeon)

   Dex:       It affects your dexterity (-4).
   rF:        It protects you from fire.
   rElec:     It insulates you from electricity.
   rN:        It renders you almost immune to negative energy.
   *Rage:     It berserks you when you make melee attacks (+20% chance).
 u - a +2 heavy dire flail (weapon)
 w - a +3 shortbow
 D - a +3 dire flail
 O - a +4 great mace of flaming
Armour
 d - a +1 plate armour (worn)
 n - a +1 hat (worn)
 t - a +1 cloak (worn)
 H - a +0 pair of boots (worn)
 I - a +0 tower shield
Jewellery
 a - an amulet of regeneration
 o - a ring of protection from fire
 v - a +5 ring of evasion (left hand)
 y - a +4 ring of protection (right hand)
 B - an amulet of reflection (around neck)
 G - a ring of poison resistance
 L - a ring of resist corrosion
 P - an amulet of the acrobat
 R - a ring of protection from cold
Wands
 e - a wand of polymorph (5)
 g - a wand of flame (74)
 s - a wand of iceblast (7)
 J - a wand of digging (3)
 M - a wand of paralysis (16)
 Q - a wand of mindburst (3)
Scrolls
 c - 11 scrolls of teleportation
 j - 2 scrolls of identify
 C - a scroll of blinking
 E - a scroll of brand weapon
 F - 5 scrolls of magic mapping
 K - 5 scrolls of fog
 N - 3 scrolls of fear
Potions
 b - 5 potions of might
 f - 4 potions of curing
 h - 3 potions of flight
 i - 3 potions of invisibility
 l - 4 potions of resistance
 m - 5 potions of haste
 q - 3 potions of berserk rage
 x - 8 potions of ambrosia
 z - 3 potions of lignification
 A - a potion of cancellation
Miscellaneous
 r - a box of beasts


   Skills:
 + Level 17.4 Fighting
 + Level 19.1 Maces & Flails
 + Level 12.1 Armour
 + Level 5.1 Dodging
 + Level 3.7 Stealth
 + Level 7.0 Shields
 * Level 14.8 Unarmed Combat


You had 14 spell levels left.
You didn't know any spells.
Your spell library contained the following spells:

 Spells                   Type           Power      Damage    Failure   Level
 Foxfire                  Conj/Fire      0%         2x1d4     98%         1
 Kiss of Death            Conj/Necr      0%         2d5       98%         1
 Sandblast                Erth           0%         2d4       98%         1
 Shock                    Conj/Air       0%         1d3       98%         1
 Momentum Strike          Conj/Tloc      0%         3d8       99%         2
 Passwall                 Tmut/Erth      0%         N/A       99%         2
 Scorch                   Fire           0%         2d5       99%         2
 Confusing Touch          Hex            0%         N/A       100%        3
 Ozocubu's Armour         Ice            0%         N/A       100%        3
 Stone Arrow              Conj/Erth      0%         3d7       100%        3
 Anguish                  Hex/Necr       0%         N/A       100%        4
 Cause Fear               Hex            0%         N/A       100%        4
 Dispel Undead            Necr           0%         3d6       100%        4
 Flame Wave               Conj/Fire      0%         2d4       100%        4
 Summon Ice Beast         Ice/Summ       0%         N/A       100%        4
 Metabolic Englaciation   Hex/Ice        0%         N/A       100%        5
 Summon Mana Viper        Hex/Summ       0%         N/A       100%        5
 Simulacrum               Ice/Necr       0%         N/A       100%        6
 Summon Cactus Giant      Summ           0%         N/A       100%        6
 Enfeeble                 Hex            0%         N/A       100%        7
 Monstrous Menagerie      Summ           0%         N/A       100%        7
 Ozocubu's Refrigeration  Ice            0%         4d7       100%        7


Dungeon Overview and Level Annotations

Branches:
Dungeon (15/15)            Temple (1/1) D:7            Lair (0/5) D:8
    Orc (1/2) D:10         Vaults (0/5) D:14         Depths (1/4) D:15
   Hell (visited)          Bailey (visited)
    Dis: Hell:1         Geh: Hell:1         Coc: Hell:1         Tar: Hell:1

Altars:
Ashenzari
Cheibriados
Dithmenos
Elyvilon
Fedhas
Gozag
Hepliaklqana
Kikubaaqudgha
Makhleb
Nemelex Xobeh
Okawaru
Qazlal
Ru
Sif Muna
Trog
Uskayaw
Vehumet
Wu Jian
Xom
Yredelemnul
Zin
The Shining One

Shops:
D:4 ?   D:8 *   D:11 *   D:14 *[   Orc:1 ?

Portals:
Hell: Depths:1
Pandemonium: Depths:1
Trove: D:12 (give +6 demon trident)

Annotations:
D:7 3 runed translucent doors, Killmatronix's ghost, novice TrMo
Depths:1 2 transporters, Galthrax's ghost, master GnCj
Hell Geryon


Innate Abilities, Weirdness & Mutations

You have a pair of horns on your head.
You reflexively headbutt those who attack you in melee.
You are frail. (-10% HP)


Message History

The hell hog completely resists.
The fireball engulfs you! The hell hog closely misses you.
The doom hound unleashes a terrible howl, and it begins to echo in your mind!
The hell hound barks!
You hear a bark! x2; You hear a shout!
You hear a roar!
You hear a shout! x3; You hear a bark! x4; You hear a shout! x5
Thank you for visiting Hell.
Please come again soon.
You go up through the gate.
Welcome back to the Depths!
Level annotation: 2 transporters, Galthrax's ghost, master GnCj
There is a gateway to Hell here.
You hit the hell hog.
The hell hog is lightly wounded.
The hell hog completely misses you.
A reaper comes into view. It is wielding a +0 scythe of freezing.
You crush the hell hog like a grape!!!!
You kill the hell hog!
Trog accepts your kill.
You skewer the reaper like a kebab!!! You headbutt the reaper.
The reaper is severely wounded.
The reaper misses you.
You puncture the reaper! Your headbutt misses the reaper.
The reaper is almost dead.
The reaper hits you with a +0 scythe of freezing!
The reaper freezes you.
A putrid mouth comes into view.
You thump the reaper!
The reaper is almost dead.
The reaper hits you with a +0 scythe of freezing!!
The reaper freezes you!
You barely miss the reaper.
The reaper is almost dead.
The putrid mouth throws miasma at you. The foul vapour misses you.
The reaper hits you with a +0 scythe of freezing!!
* * * LOW HITPOINT WARNING * * *
The reaper freezes you!
* * * LOW HITPOINT WARNING * * *
You are engulfed in dark miasma.
You are lethally poisoned!
* * * LOW HITPOINT WARNING * * *
You die...

#.##.###.## #.........#
#.## #.##.# #.#
#.........# #.# ..##.#
#.# #.........# #.#
.###.# #.# #.........#
#.# .###.# #.#
####'###'## #.# .....#
#[# #.# #.####.####
.##### #.#######○#
#.........# .#
#.....○○.○###.##.####.#
.#
#......○W@2○..........#
.#
#.###.###2###.##.######
.# ### ### ### #.##.#
.# #.##.# .######
#.##.# ......# #.##.#
.###### #.##.# .#
#.##.# '#### ##'##.#


You could see a reaper, a putrid mouth (catching breath) and a tormentor.

Vanquished Creatures
  A sphinx (Depths:1)
  A fire giant (Depths:1)
  A stone giant (Depths:1)
  A dire elephant (D:15)
  Nessos (D:15)
  A blizzard demon (Depths:1)
  A yaktaur captain (D:11)
  3 hydras
  A catoblepas (D:12)
  An ice dragon (Depths:1)
  A spriggan air mage (Depths:1)
  9 two-headed ogres
  4 centaur warriors
  5 boulder beetles
  3 tengu warriors
  A hell hog (Depths:1)
  A soul eater (Depths:1)
  3 death yaks (D:8)
  7 skeletal warriors
  A wizard (D:15)
  Pikel (D:7)
  A necromancer (D:14)
  2 orc knights
  16 ugly things
  5 cyclopes
  A deep elf pyromancer (D:15)
  3 manticores
  Joseph (D:7)
  4 gargoyles
  A yaktaur (shapeshifter) (D:12)
  4 yaktaurs
  5 kobold demonologists
  3 tengu conjurers
  4 komodo dragons
  An ice devil (Depths:1)
  7 trolls
  A guardian mummy (D:12)
  A queen bee (D:9)
  A queen bee (shapeshifter) (D:14)
  Grinder (D:6)
  18 slime creatures
  Sigmund (D:6)
  2 shadows
  A ynoxinul (D:9)
  22 yaks
  2 wraiths (D:11)
  2 vampires
  A wyvern (D:10)
  3 basilisks
  A yak (shapeshifter) (D:12)
  A chaos spawn (Depths:1)
  A fire elemental (D:12)
  A neqoxec (Depths:1)
  Menkaure (D:6)
  10 vampire mosquitoes
  2 wargs (Orc:1)
  Edmund (D:6)
  3 water moccasins
  2 acid dragons
  A black bear (shapeshifter) (D:14)
  27 orc warriors
  3 sky beasts
  10 ogres
  12 centaurs
  3 phantoms
  A lemure (D:7)
  3 kobold brigands
  A bullfrog (D:6)
  A scorpion (D:5)
  A gnoll sergeant (D:9)
  14 wights
  30 killer bees
  A howler monkey (D:11)
  3 electric eels (Bailey)
  A hound (D:5)
  14 orc priests
  A jelly (D:5)
  3 sleepcaps
  An iguana (D:7)
  Terence (D:3)
  22 orc wizards
  A hell rat (D:8)
  Robin (D:3)
  8 adders
  8 gnolls
  2 white imps
  An ufetubus (D:6)
  4 worms
  5 dart slugs
  65 orcs
  4 ball pythons
  4 endoplasms
  5 giant cockroaches
  20 goblins
  15 hobgoblins
  12 jackals
  6 quokkas
  7 bats
  6 frilled lizards (D:1)
  16 kobolds
  6 rats
535 creatures vanquished.

Vanquished Creatures (collateral kills)
  An ugly thing (D:14)
1 creature vanquished.

Vanquished Creatures (others)
  An orc wizard (D:7)
1 creature vanquished.

Grand Total: 537 creatures vanquished

Notes
Turn   | Place    | Note
-------+----------+-------------------------------------------
     0 | D:1      | cerebuk897 the Minotaur Berserker began the quest for the
                  | Orb.
     0 | D:1      | Reached XP level 1. HP: 19/19 MP: 0/0
   139 | D:1      | Reached skill level 4 in Maces & Flails
   139 | D:1      | Reached XP level 2. HP: 11/27 MP: 1/1
   471 | D:1      | Reached XP level 3. HP: 31/34 MP: 2/2
   472 | D:1      | Reached ** piety under Trog
  1479 | D:3      | Reached skill level 5 in Maces & Flails
  1482 | D:3      | Reached XP level 4. HP: 38/41 MP: 3/3
  1489 | D:3      | Noticed Robin
  1491 | D:3      | Killed Robin
  1492 | D:3      | Reached skill level 5 in Fighting
  1549 | D:3      | Noticed Terence
  1560 | D:3      | Killed Terence
  1748 | D:3      | Identified the +5 rapier "Feddeuff" {antimagic, Stlth+}
  1807 | D:3      | Reached XP level 5. HP: 50/50 MP: 4/4
  1820 | D:3      | Reached *** piety under Trog
  2087 | D:3      | Found a glowing golden altar of the Shining One.
  2230 | D:4      | Found a sacrificial altar of Ru.
  2284 | D:4      | Identified the +3 mace of Cikhlyxt {drain, *Rage rElec rF+
                  | rN+++ Dex-4}
  2413 | D:4      | Reached skill level 6 in Maces & Flails
  2519 | D:4      | Found Zegroajo's Magic Scroll Shoppe.
  2549 | D:4      | Bought a scroll of enchant armour for 82 gold pieces
  2549 | D:4      | Bought a scroll of enchant weapon for 82 gold pieces
  2626 | D:4      | Reached XP level 6. HP: 57/57 MP: 5/5
  2655 | D:4      | Reached skill level 7 in Maces & Flails
  2707 | D:5      | Entered Level 5 of the Dungeon
  2867 | D:5      | Reached skill level 8 in Maces & Flails
  2977 | D:5      | Reached XP level 7. HP: 12/64 MP: 6/6
  3349 | D:5      | Found a burning altar of Makhleb.
  3543 | D:6      | Noticed Grinder
  3544 | D:6      | Noticed Menkaure
  3564 | D:6      | Killed Grinder
  3565 | D:6      | Reached skill level 9 in Maces & Flails
  3938 | D:6      | Killed Menkaure
  3978 | D:6      | Noticed Sigmund
  3983 | D:6      | Killed Sigmund
  3984 | D:6      | Reached skill level 10 in Maces & Flails
  3984 | D:6      | Reached XP level 8. HP: 73/73 MP: 7/7
  4191 | D:6      | Reached skill level 11 in Maces & Flails
  4285 | D:6      | Noticed a cyclops
  4312 | D:6      | Killed a cyclops
  4313 | D:6      | Reached skill level 12 in Maces & Flails
  4378 | D:6      | Reached XP level 9. HP: 82/82 MP: 8/8
  4463 | D:6      | Noticed Edmund
  4471 | D:6      | Killed Edmund
  4776 | D:6      | Reached **** piety under Trog
  4834 | D:6      | Reached skill level 13 in Maces & Flails
  5091 | D:7      | Reached skill level 1 in Unarmed Combat
  5228 | D:7      | Found a runed translucent gate.
  5228 | D:7      | Found a runed translucent gate.
  5228 | D:7      | Found a runed translucent gate.
  5259 | D:7      | Noticed a spectral unseen horror
  5261 | D:7      | Noticed Killmatronix's ghost (novice TrMo)
  5600 | D:7      | Reached ***** piety under Trog
  5611 | D:7      | Noticed Pikel
  5629 | D:7      | Killed Pikel
  5630 | D:7      | Reached skill level 14 in Maces & Flails
  5743 | D:7      | Reached skill level 10 in Fighting
  5763 | D:7      | Reached XP level 10. HP: 86/93 MP: 9/9
  5812 | D:7      | Noticed Joseph
  5845 | D:7      | Killed Joseph
  5846 | D:7      | Reached skill level 5 in Unarmed Combat
  5895 | D:7      | Reached skill level 1 in Stealth
  5958 | D:7      | Found a staircase to the Ecumenical Temple.
  5966 | Temple   | Entered the Ecumenical Temple
  6423 | D:8      | Noticed a death yak
  6432 | D:8      | Found an opulent altar of Gozag.
  6440 | D:8      | Killed a death yak
  6445 | D:8      | Found Gozag's Platinum Reserve.
  6544 | D:8      | Noticed a death yak
  6545 | D:8      | Noticed a death yak
  6564 | D:8      | Killed a death yak
  6567 | D:8      | Killed a death yak
  6568 | D:8      | Reached skill level 15 in Maces & Flails
  6675 | D:8      | Found a staircase to the Lair.
  6924 | D:8      | Found an ornate altar of the Wu Jian Council.
  7292 | D:9      | Found a flagged portal.
  7300 | Bailey   | Entered a bailey
  7458 | Bailey   | Reached XP level 11. HP: 104/104 MP: 10/10
  7927 | Bailey   | Found an iron altar of Okawaru.
  8315 | Bailey   | Noticed an orc knight
  8329 | Bailey   | Killed an orc knight
  8368 | Bailey   | Reached skill level 16 in Maces & Flails
  8415 | D:9      | Found a shimmering blue altar of Sif Muna.
  8427 | D:9      | Got Sif Muna's Enchiridion on Location and Percussion
  8439 | D:9      | Found a bloodstained altar of Trog.
  9148 | D:9      | Acquired a manual of Dodging
  9150 | D:9      | Acquired 526 gold pieces
  9293 | D:10     | Entered Level 10 of the Dungeon
  9325 | D:10     | Reached ****** piety under Trog
  9475 | D:10     | Reached skill level 10 in Unarmed Combat
  9479 | D:10     | Received a gift from Trog
  9553 | D:10     | Found a staircase to the Orcish Mines.
  9591 | D:10     | Noticed a two-headed ogre
  9597 | D:10     | Killed a two-headed ogre
  9693 | D:10     | Noticed a two-headed ogre
  9703 | D:10     | Killed a two-headed ogre
  9758 | D:10     | Noticed a sun demon
  9759 | D:10     | Reached XP level 12. HP: 117/117 MP: 11/11
  9824 | D:10     | Noticed a two-headed ogre
  9830 | D:10     | Killed a two-headed ogre
  9861 | D:10     | Noticed a two-headed ogre
  9868 | D:10     | Killed a two-headed ogre
  9926 | D:10     | Reached skill level 17 in Maces & Flails
  9984 | D:10     | Identified the +1 ring mail of Jacseuty {SInv}
 10129 | Orc:1    | Entered Level 1 of the Orcish Mines
 10130 | Orc:1    | Found Dyryta's Magic Scroll Boutique.
 10194 | Orc:1    | Bought 2 scrolls of identify for 56 gold pieces
 10195 | Orc:1    | Reached XP level 13. HP: 125/125 MP: 12/12
 10243 | Orc:1    | Found a runed translucent door.
 10279 | Orc:1    | Reached skill level 5 in Dodging
 10793 | D:11     | Received a gift from Trog
 10835 | D:11     | Found Jaograi's Elemental Accessories.
 11110 | D:11     | Reached skill level 15 in Fighting
 13022 | D:12     | Found a portal to a secret trove of treasure.
 13167 | D:12     | Found the +7 mace of Variability {chaos, chaos arc}
 13169 | D:12     | Identified the +3 chain mail "Rytix" {*Corrode rPois rN+
                  | Regen+}
 13619 | D:13     | Reached XP level 14. HP: 105/136 MP: 13/13
 13719 | D:13     | Reached skill level 5 in Shields
 13752 | D:13     | Reached skill level 18 in Maces & Flails
 14642 | D:14     | Reached skill level 10 in Armour
 14709 | D:14     | Found Maxzahu's Armour Shoppe.
 14882 | D:14     | Found Pyizaibb's Gadget Gallery.
 14889 | D:14     | Bought a box of beasts for 400 gold pieces
 14941 | D:15     | Entered Level 15 of the Dungeon
 14949 | D:15     | Received a gift from Trog
 16468 | D:14     | Found a gate to the Vaults.
 16880 | D:15     | Noticed Nessos
 16909 | D:15     | Killed Nessos
 17701 | D:15     | Reached XP level 15. HP: 136/147 MP: 14/14
 17820 | D:15     | Found a staircase to the Depths.
 17840 | D:15     | Reached skill level 19 in Maces & Flails
 18224 | Depths:1 | Entered Level 1 of the Depths
 18292 | Depths:1 | Found a transporter.
 18293 | Depths:1 | Noticed a dread lich
 18293 | Depths:1 | Noticed Galthrax's ghost (master GnCj)
 18294 | Depths:1 | Noticed a dread lich
 18298 | Depths:1 | Noticed a shadow dragon
 18362 | Depths:1 | Found an ornate altar of the Wu Jian Council.
 18419 | Depths:1 | Found a bloodstained altar of Trog.
 18538 | Depths:1 | Gained mutation: You are frail. (-10% HP) [a neqoxec]
 18545 | Depths:1 | Found a one-way gate leading to the halls of Pandemonium.
 18639 | Depths:1 | Found a gateway to Hell.
 18682 | Depths:1 | Noticed a fire giant
 18700 | Depths:1 | Killed a fire giant
 18965 | Depths:1 | Noticed a sphinx
 18968 | Depths:1 | Paralysed by a sphinx for 4 turns
 18979 | Depths:1 | Killed a sphinx
 19181 | Depths:1 | Found a transporter.
 19261 | Hell     | Entered the Vestibule of Hell
 19261 | Hell     | Noticed Geryon
 19265 | Hell     | Noticed a doom hound
 19265 | Hell     | Noticed a doom hound
 19272 | Depths:1 | HP: 5/132 [reaper/+0 scythe of freezing[a doom hound] (11)]
 19273 | Depths:1 | HP: 2/132 [putrid mouth][a doom hound] (3)]
 19273 | Depths:1 | Succumbed to a putrid mouth's dark miasma

Illustrated notes

Levels and vault maps discovered:
D:1:      lemuel_arrival_river_passageway, layout_rooms
D:2:      layout_loops_ring
D:3:      cheibrodos_helix_gallery, layout_loops_ring,
          mainiacjoe_overflow_surrounded_room, uniq_robin, uniq_terence
D:4:      layout_rooms, overflow_temple_1_default, serial_shops, shop
D:5:      layout_rooms, lightli_temple_of_fire
D:6:      layout_basic, abandoned_shop, minmay_manual_mail, uniq_edmund,
          uniq_grinder, uniq_menkaure, uniq_sigmund
D:7:      minmay_flawed_box, layout_basic, minmay_temple_entry_fiery,
          serial_rivers, chequers_serial_rivers_large_a,
          chequers_serial_rivers_micro_a, chequers_serial_rivers_room_b,
          chequers_serial_rivers_small_b, gammafunk_ghost_necromancy,
          uniq_pikel, uniq_joseph
D:8:      layout_basic, nicolae_overflow_hidden_temple,
          nicolae_gozag_zags_fifth_avenue, dpeg_lair_monsters
D:9:      layout_roguey [special_room_bee],
          nzn_overflow_gifts_of_might_and_magic, enter_bailey_2
D:10:     layout_basic, david_orc_5, serial_curves, eino_curves_04,
          eino_curves_03, minmay_between
D:11:     layout_irregular_city, minivault_25_ag, nicolae_elemental_shop,
          nzn_random_ring, uniq_erica
D:12:     minmay_tri_box, layout_stronghold, nicolae_trove_entry_path_of_doom,
          kennysheep_potato
D:13:     minmay_distorted_concentric_squares, layout_rooms
D:14:     layout_cave_pools, david_vaults_1, minmay_misc_feat_room,
          serial_shops, shop, chequers_serial_rivers_micro_a,
          nicolae_shop_gadgets
D:15:     hangedman_depths_entry_try_elsewhere_first, layout_loops_corners,
          uniq_nessos
Temple:   eino_wide_crystal_templ
Orc:1:    layout_caves, serial_shops, nicolae_square_shop,
          lightli_church_of_beogh
Depths:1: minmay_skeletal_surprise, layout_gridlike, hell_entry,
          gammafunk_ghost_mausoleum, rand_demon_pan_entry_1,
          nzn_wu_jian_council_hall, trog_three_pillars_becter
Hell

Skill      XL: |  1  2  3  4  5  6  7  8  9 10 11 12 13 14 15 |
---------------+----------------------------------------------+-----
Fighting       | 4 5 6 7 8 10 11 14 15 17 | 17.4
Maces & Flails | 4 5 6 8 10 12 14 15 16 17 18 19 | 19.1
Unarmed Combat | 4 8 10 12 13 14 | 14.8
Stealth        | 1 2 3 |  3.7
Armour         | 3 6 8 11 12 | 12.1
Dodging        | 4 5 |  5.1
Shields        | 2 4 6 7 |  7.0

Action                     |  1- 3 |  4- 6 |  7- 9 | 10-12 | 13-15 || total
---------------------------+-------+-------+-------+-------+-------++-------
  Melee: Mace              |    97 |   123 |    83 |       |       ||   303
         Headbutt          |    13 |    24 |    26 |    50 |   122 ||   235
         Punch             |       |     2 |     1 |       |       ||     3
         Dire flail        |       |       |   106 |   360 |   514 ||   980
 Invoke: Berserk           |       |     2 |     6 |     5 |     7 ||    20
  Evoke: Box of beasts     |       |       |       |       |     1 ||     1
    Use: Scroll            |     4 |     6 |     4 |    12 |     4 ||    30
         Potion            |       |       |     3 |     6 |     6 ||    15
 Armour: Animal skin       |     7 |       |       |       |       ||     7
         Scale mail        |    30 |       |       |       |       ||    30
         Plate armour      |     5 |    65 |    81 |   133 |   256 ||   540
  Dodge: Dodged            |    59 |    45 |    71 |   204 |   275 ||   654
  Block: Other             |       |       |       |     5 |    94 ||    99
         Reflection        |       |       |       |     1 |    23 ||    24
